 Dungeon Crawl Stone Soup version 0.30.0-10-gfe55d96785 (webtiles) character file.

Game seed: 8080374455432732032

445 monsoonserge the Slasher (level 7, -3/60 HPs)
             Began as a Meteoran Monk on May 16, 2023.
             Was a Priest of Okawaru.
             Killed from afar by a white imp (7 damage)
             ... with a puff of frost
             ... on level 5 of the Dungeon.
             The game lasted 00:11:38 (1593 turns).

monsoonserge the Slasher (Meteoran Monk)            Turns: 1593, Time: 00:11:38

Health: -3/60      AC:  6    Str: 12    XL:     7   Next: 48%
Magic:  8/9        EV: 13    Int: 12    God:    Okawaru [***...]
Gold:   152        SH:  0    Dex: 19    Spells: 6/6 levels left

rFire   . . .        e - +0 long sword
rCold   . . .        d - orb {light}
rNeg    . . .        n - +0 ring mail
rPois   .            o - +0 helmet
rElec   .            (no cloak)
rCorr   .            (no gloves)
SInv    .            (no boots)
Will    .....        (no amulet)
Stlth   +            (no ring)
HPRegen 0.30/turn    (no ring)
MPRegen 0.11/turn

%: no passive effects
@: glowing
A: sense surroundings 1, otherworldly, glowing, explore regen
a: Renounce Religion, Heroism


You were on level 5 of the Dungeon.
You worshipped Okawaru.
Okawaru was most pleased with you.
You visited 1 branch of the dungeon, and saw 5 of its levels.

You collected 207 gold pieces.
You spent 55 gold pieces at shops.

Inventory:

Hand Weapons
 a - a +0 falchion
 e - a +0 long sword (weapon)
Missiles
 s - 10 curare-tipped darts
 t - 10 poisoned darts (quivered)
Armour
 b - a +0 robe
 d - an orb of light (worn)
 n - a +0 ring mail (worn)
 o - a +0 helmet (worn)
 p - an orb of mayhem
Jewellery
 u - an amulet of magic regeneration
Scrolls
 f - a scroll of identify {unknown}
 j - 2 scrolls of fear {unknown}
 l - a scroll of vulnerability {unknown}
 q - 2 scrolls of poison {unknown}
 r - a scroll of teleportation {unknown}
Potions
 c - a potion of ambrosia
 g - 3 potions of heal wounds
 h - a potion of invisibility {unknown}
 i - 3 potions of curing {unknown}
 k - 2 potions of degeneration {unknown}
 m - a potion of might {unknown}


   Skills:
 + Level 4.7 Fighting
 + Level 6.7 Long Blades
 + Level 2.2 Armour
 + Level 5.2 Dodging
 - Level 2.0 Invocations


You had 6 spell levels left.
You didn't know any spells.
Your spell library contained the following spells:

 Spells                   Type           Power      Damage    Failure   Level
 Scorch                   Fire           0%         2d5       73%         2
 Flame Wave               Conj/Fire      0%         2d4       100%        4
 Summon Cactus Giant      Summ           Unusable   N/A       N/A         6

Dungeon Overview and Level Annotations

Branches:
Dungeon (5/15) Zot: 1383   Temple (0/1) D:4

Altars:
Ashenzari
Okawaru
Ru

Shops:
D:1 :   D:4 !*


Innate Abilities, Weirdness & Mutations

You passively map a small area around you.
You are easily found by Zot.
You glow in the dark.
You regain HP and MP as you explore.


Message History

Press: ? - help, v - describe, . - travel
Here: a gnoll, wielding a +0 flail (moderately wounded, haloed)
An open door, spattered with blood.
You slash the gnoll!
You kill the gnoll!
Okawaru accepts your kill. The gnoll misses you.
You barely miss the gnoll.
The gnoll is moderately wounded.
The gnoll closely misses you.
You completely miss the gnoll.
The gnoll is moderately wounded.
The gnoll hits you with a +0 halberd.
* * * LOW HITPOINT WARNING * * *
You slash the gnoll!
The gnoll is severely wounded.
You barely miss the gnoll.
The gnoll is severely wounded.
The gnoll hits you with a +0 halberd.
* * * LOW HITPOINT WARNING * * *
You hit the gnoll.
You kill the gnoll!
Okawaru accepts your kill.
You close the door, pushing everything out of the way.
Items here: ))) ††.
Something unseen opens the door.
You close the door.
Something unseen opens the door.
You close the door.
Something unseen breaks down the door.
It's broken and can't be closed.
The white imp completely misses you.
There is a broken door, spattered with blood here.
You hit the white imp.
The white imp is moderately wounded.
The white imp hits you but does no damage.
You hit the white imp.
The white imp is severely wounded.
You feel like a meek peon again. The white imp gestures at you.
The puff of frost hits you!
You die...

, , , , , * , #, , #.##### *,
* * #...... *, , , ,
#......### , , ,, .......@)#*
** * ** #.....5#)# , , ,,
....!..#.# , ,
#################.#* ,
#.............# #.# , *
#'###########.###'##. #...# *
*
...##########......#.#,#...##
...†...............'........
, ,
...#.#########.....#.#.#...#
*


You could see a white imp.

Vanquished Creatures
  An ogre (D:3)
  A scorpion (D:5)
  3 hounds
  An iguana (D:5)
  7 gnolls
  3 adders
  2 ufetubi (D:4)
  A worm (D:2)
  3 dart slugs
  4 orcs (D:4)
  6 ball pythons
  7 bats
  12 endoplasms
  2 giant cockroaches
  4 goblins
  6 hobgoblins
  3 jackals (D:1)
  A quokka (D:3)
  A kobold (D:1)
  4 rats
72 creatures vanquished.

Notes
Turn   | Place    | Note
-------+----------+-------------------------------------------
     0 | D:1      | monsoonserge the Meteoran Monk began the quest for the Orb.
     0 | D:1      | Reached XP level 1. HP: 19/19 MP: 2/2
    86 | D:1      | Reached XP level 2. HP: 24/26 MP: 3/3
   122 | D:1      | Found Goka's Book Boutique.
   152 | D:1      | Reached skill level 4 in Long Blades
   253 | D:1      | Reached XP level 3. HP: 19/31 MP: 4/4
   409 | D:1      | Found a faded altar of an unknown god.
   418 | D:1      | Prayed at the altar of an unknown god.
   418 | D:1      | Became a worshipper of Warmaster Okawaru
   418 | D:1      | Reached * piety under Okawaru
   418 | D:1      | Reached ** piety under Okawaru
   489 | D:2      | Reached skill level 1 in Invocations
   489 | D:2      | Reached XP level 4. HP: 30/40 MP: 5/5
   540 | D:2      | Reached *** piety under Okawaru
   541 | D:2      | Reached XP level 5. HP: 44/46 MP: 5/7
   613 | D:2      | Reached skill level 5 in Long Blades
   714 | D:3      | Found a sacrificial altar of Ru.
   816 | D:3      | Found a broken altar of Ashenzari.
   963 | D:4      | Noticed an ogre
   979 | D:3      | Killed an ogre
   980 | D:3      | Reached XP level 6. HP: 24/53 MP: 5/8
   987 | D:3      | Reached skill level 5 in Dodging
  1100 | D:4      | Reached skill level 6 in Long Blades
  1104 | D:4      | Found a staircase to the Ecumenical Temple.
  1218 | D:5      | Entered Level 5 of the Dungeon
  1239 | D:4      | Found Seliagg's General Store.
  1327 | D:4      | Reached skill level 1 in Armour
  1343 | D:4      | Found Udian's Distillery.
  1350 | D:4      | Bought a potion of heal wounds for 55 gold pieces
  1397 | D:5      | Reached XP level 7. HP: 43/60 MP: 9/9
  1429 | D:5      | HP: 2/60 [gnoll/+2 whip of electrocution (13)]
  1577 | D:5      | Reached **** piety under Okawaru
  1586 | D:5      | HP: 2/60 [gnoll/+0 halberd (6)]
  1593 | D:5      | Killed from afar by a white imp

Illustrated notes

Levels and vault maps discovered:
D:1:      elethiomel_arrival_quiet, layout_basic, serial_shops,
          nicolae_book_shop_shelving,
          dreamdust_ecumenical_altar_hidden_monk_grotto
D:2:      layout_basic, grunt_ministairs_10
D:3:      layout_loops_corners, lemuel_crystal_altar, general_overflow_altar,
          yredelemnul_forgotten_temple_becter, marbit_many_paths,
          grunt_decor_fettered, kennysheep_generic_room_16
D:4:      layout_rooms, minmay_temple_entry_nine_rooms, serial_shops, shop,
          minmay_crystal_room, minmay_shop_grid_forest, minmay_misc_feat_plants
D:5:      layout_basic, old_standard_altar, makhleb_blood_cavern_becter,
          minmay_misc_feat_four_crosses

Skill      XL: |  1  2  3  4  5  6  7 |
---------------+----------------------+-----
Long Blades    | 4 5 6 |  6.7
Dodging        | 4 5 |  5.2
Invocations    | 1 2 |  2.0
Fighting       | 4 |  4.7
Armour         | 1 2 |  2.2

Action                     |  1- 3 |  4- 6 |  7- 9 || total
---------------------------+-------+-------+-------++-------
  Melee: Falchion          |    12 |       |       ||    12
         Long sword        |    37 |   110 |    38 ||   185
 Invoke: Heroism           |       |     1 |     1 ||     2
    Use: Potion            |       |       |     1 ||     1
 Armour: Robe              |    11 |     4 |       ||    15
         Ring mail         |       |    35 |     5 ||    40
  Dodge: Dodged            |    40 |    67 |    20 ||   127
